 Dungeon Crawl Stone Soup version 0.30-a0-585-g93115170b9 (webtiles) character file.

Game seed: 741243038470398099

717 sammy202020 the Trooper (level 7, -1/84 HPs)
             Began as a Demonspawn Berserker on Jan 2, 2023.
             Was a Priest of Trog.
             Succumbed to a gnoll's poison
             ... on level 5 of the Dungeon.
             The game lasted 00:06:13 (3602 turns).

sammy202020 the Trooper (Demonspawn Berserker)      Turns: 3602, Time: 00:06:14

Health: -1/84      AC: 17    Str: 17    XL:     7   Next: 42%
Magic:  7/7        EV:  8    Int: 10    God:    Trog [***...]
Gold:   189        SH:  0    Dex: 13    Spells: 6/6 levels left

rFire   . . .      SeeInvis .    a - +0 hand axe
rCold   . . .      Faith    .    (no shield)
rNeg    . . .      Spirit   .    l - +4 chain mail {Will+}
rPois   .          Reflect  .    (helmet restricted)
rElec   .          Harm     .    y - +0 cloak
rCorr   .          Rampage  .    s - +0 pair of gloves
Will    +....                    v - +0 pair of boots Stlth
                                 (no amulet)
HPRegen 0.34/turn                (no ring)
MPRegen 0.10/turn                (no ring)

@: berserking, lethally poisoned (-1 -> -16), very quick
A: claws 1, horns 1, powered by pain 2, weakness stinger 2
a: Renounce Religion, Berserk, Trog's Hand


You were on level 5 of the Dungeon.
You worshipped Trog.
Trog was most pleased with you.
You visited 1 branch of the dungeon, and saw 5 of its levels.

You collected 189 gold pieces.

Inventory:

Hand Weapons
 a - a +0 hand axe (weapon)
 o - a +0 flail
 x - a +2 quarterstaff of chaos
Missiles
 c - 6 boomerangs of dispersal (quivered)
 p - 4 boomerangs
Armour
 j - a +1 plate armour
 l - a +4 chain mail of willpower (worn)
 s - a +0 pair of gloves (worn)
 v - a +0 pair of boots (worn)
 y - a +0 cloak (worn)
Wands
 k - a wand of paralysis (5)
Scrolls
 b - a scroll of fog
 e - 5 scrolls of teleportation
 q - a scroll of fear {unknown}
 r - a scroll of poison {unknown}
 t - a scroll of identify
 w - a scroll of blinking
Potions
 d - a potion of heal wounds {unknown}
 f - 2 potions of berserk rage
 g - a potion of haste
 h - a potion of lignification
 i - a potion of might {unknown}
 m - a potion of attraction
 n - a potion of degeneration {unknown}
 u - 2 potions of ambrosia {unknown}
 z - a potion of curing


   Skills:
 + Level 5.0 Fighting
 + Level 4.6 Axes
 + Level 4.0 Armour
 + Level 4.0 Dodging


You had 6 spell levels left.
You didn't know any spells.
Your spell library was empty.

Dungeon Overview and Level Annotations

Branches:
Dungeon (5/15)
 Temple: D:4-7

Altars:
Qazlal
Yredelemnul

Shops:
D:1 [


Innate Abilities, Weirdness & Mutations

You have sharp fingernails.
You have a pair of small horns on your head.
You sometimes gain power by taking damage.
You have a tail ending in a sharp stinger.


Message History

You kill the gnoll bouda!
Trog accepts your kill.
You hit the scorpion. You barely miss the gnoll.
You completely miss the ufetubus.
You feel very sick. The scorpion closely misses you. The ufetubus hits you.
The ufetubus hits you but does no damage.
The gnoll hits you but does no damage. x2
You are too injured to fight recklessly!
You slash the ufetubus!
You kill the ufetubus!
Trog accepts your kill.
You barely miss the scorpion. You closely miss the gnoll.
Your attacks no longer feel as feeble.
You feel very sick.
The scorpion stings you but does no damage.
You barely miss the gnoll. Your headbutt misses the gnoll.
You tail-slap the gnoll.
The gnoll is moderately wounded.
You hit the scorpion.
You feel sick. The gnoll hits you but does no damage.
The gnoll hits you from afar with a +1 spear of venom!
* * * LOW HITPOINT WARNING * * *
You are lethally poisoned!
The scorpion barely misses you.
You barely miss the gnoll. You tail-slap the gnoll! You punch the gnoll.
You kill the gnoll!
Trog accepts your kill.
You closely miss the scorpion.
* * * LOW HITPOINT WARNING * * *
You feel very sick.
The gnoll hits you from afar with a +1 spear of venom.
* * * LOW HITPOINT WARNING * * *
The scorpion stings you.
* * * LOW HITPOINT WARNING * * *
You hit the scorpion.
Your tail-slap misses the scorpion.
The scorpion is severely wounded.
* * * LOW HITPOINT WARNING * * *
You feel very sick.
Okay, then.
You die...

# .... . ... ###.. .
#.#'# .## ##...### ..+
+......# ..## ##...)..#
...# #..))@.)#
...####+####....).sg.....
...#.......#.......#.....
.)##.......##......# ....
))).........+......# ...
.##.........##...##### ..
.#...[...... #.#'#...#+#.
####.......# ###.......#
...#'#[..#+#
#...........#


You could see a scorpion and a gnoll.

Vanquished Creatures
  An ogre (D:5)
  A phantom (D:4)
  A jelly (D:5)
  A gnoll bouda (D:5)
  An orc priest (D:4)
  Crazy Yiuf (D:4)
  A hound (D:4)
  Terence (D:3)
  2 orc wizards (D:5)
  Natasha (thrice) (D:4)
  An iguana (D:4)
  Ijyb (D:3)
  Robin (D:4)
  5 gnolls (D:5)
  4 adders
  An ufetubus (D:5)
  2 worms
  2 dart slugs
  21 orcs
  3 bats
  5 endoplasms
  2 giant cockroaches
  10 goblins
  8 hobgoblins
  4 jackals
  3 quokkas
  6 ball pythons
  2 frilled lizards
  4 kobolds
  5 rats
103 creatures vanquished.

Notes
Turn   | Place    | Note
-------+----------+-------------------------------------------
     0 | D:1      | sammy202020 the Demonspawn Berserker began the quest for
                  | the Orb.
     0 | D:1      | Reached XP level 1. HP: 18/18 MP: 1/1
   288 | D:1      | Discovered your monstrous ancestry.
   288 | D:1      | Gained mutation: You have a small tail. [demonic ancestry]
   288 | D:1      | Reached XP level 2. HP: 24/24 MP: 2/2
   315 | D:1      | Found Ruzerima's Armour Emporium.
   571 | D:1      | Reached ** piety under Trog
   751 | D:2      | Found a stormy altar of Qazlal.
   803 | D:2      | Gained mutation: You have a pair of small horns on your
                  | head. [demonic ancestry]
   803 | D:2      | Reached XP level 3. HP: 26/29 MP: 3/3
  1326 | D:3      | Noticed Terence
  1339 | D:3      | Killed Terence
  1340 | D:3      | Gained mutation: You sometimes gain a little power by
                  | taking damage. [demonic ancestry]
  1340 | D:3      | Reached XP level 4. HP: 34/35 MP: 4/4
  1527 | D:3      | Noticed Ijyb
  1549 | D:3      | Paralysed by Ijyb for 2 turns
  1556 | D:3      | Killed Ijyb
  1749 | D:3      | Found a faded altar of an unknown god.
  2008 | D:4      | Noticed Robin
  2018 | D:4      | Gained mutation: You have a tail ending in a sharp stinger.
                  | [demonic ancestry]
  2018 | D:4      | Reached XP level 5. HP: 24/40 MP: 5/5
  2023 | D:4      | Killed Robin
  2025 | D:4      | Reached *** piety under Trog
  2134 | D:4      | Reached skill level 4 in Fighting
  2222 | D:4      | Found a basalt altar of Yredelemnul.
  2298 | D:4      | Noticed Natasha
  2306 | D:4      | Killed Natasha
  2621 | D:4      | Noticed a phantom
  2646 | D:4      | Killed a phantom
  2647 | D:4      | Gained mutation: You sometimes gain power by taking damage.
                  | [demonic ancestry]
  2647 | D:4      | Reached XP level 6. HP: 49/49 MP: 6/6
  2650 | D:4      | Noticed Natasha
  2753 | D:4      | Killed Natasha
  2819 | D:4      | Noticed Natasha
  2829 | D:4      | Killed Natasha
  2912 | D:4      | Found a runed translucent door.
  2913 | D:4      | Noticed Crazy Yiuf
  3149 | D:4      | Killed Crazy Yiuf
  3226 | D:5      | Entered Level 5 of the Dungeon
  3248 | D:5      | Gained mutation: You have sharp fingernails. [demonic
                  | ancestry]
  3248 | D:5      | Reached XP level 7. HP: 32/55 MP: 7/7
  3586 | D:5      | Reached skill level 5 in Fighting
  3601 | D:5      | HP: 2/84 [poisoned by a gnoll]
  3602 | D:5      | Succumbed to a gnoll's poison

Illustrated notes

Levels and vault maps discovered:
D:1:      saegor_arrival_miasma, layout_basic, serial_shops, shop
D:2:      layout_basic, basic_altar
D:3:      layout_basic, marbit_many_paths, chequers_ecumenical_altar_island,
          uniq_ijyb, uniq_terence
D:4:      layout_gridville, mainiacjoe_overflow_small_starburst,
          uniq_crazy_yiuf_cottage, uniq_natasha, uniq_robin
D:5:      nicolae_cairo_tiling_very_big, layout_loops_ring,
          minmay_temple_entry_fiery, enter_ossuary_4,
          chequers_serial_rivers_room_a

Skill      XL: |  1  2  3  4  5  6  7 |
---------------+----------------------+-----
Armour         | 2 3 4 |  4.0
Dodging        | 2 3 4 |  4.0
Axes           | 3 4 |  4.6
Fighting       | 4 5 |  5.0

Action                   |  1- 3 |  4- 6 |  7- 9 || total
-------------------------+-------+-------+-------++-------
Melee: Hand axe          |   107 |   176 |    60 ||   343
       Tailslap          |    14 |    19 |    13 ||    46
       Headbutt          |     2 |    29 |    12 ||    43
       Punch             |     1 |       |     2 ||     3
Invok: Berserk           |       |     3 |     1 ||     4
       Trog's Hand       |       |     2 |       ||     2
  Use: Scroll            |     8 |     3 |       ||    11
Armor: Animal skin       |     7 |       |       ||     7
       Plate armour      |    28 |    24 |       ||    52
       Chain mail        |       |    88 |    51 ||   139
Dodge: Dodged            |    52 |    68 |    34 ||   154

Table legend: (Time is in decaauts)
 A = Elapsed time spent in this place.
 B = Non-inter-level travel time spent in this place.
 C = Inter-level travel time spent in this place.
 D = Time resting spent in this place.
 E = Time spent auto-exploring this place.
 F = Levels seen in this place.
 G = Mean time per level.
                   A        B        C        D        E       F      G
               +--------+--------+--------+--------+--------+-----+--------+
         Total |   3670 |   3573 |     97 |      0 |   2621 |   5 |  734.0 |
       Dungeon |   3670 |   3573 |     97 |      0 |   2621 |   5 |  734.0 |
               +--------+--------+--------+--------+--------+-----+--------+

Top non-repeatable levels by time:
     D:4: 1251 daAuts
     D:3: 785 daAuts
     D:2: 624 daAuts
     D:1: 620 daAuts
     D:5: 387 daAuts
